 Dungeon Crawl Stone Soup version 0.30.0-30-g96aa6591b8 (webtiles) character file.

Game seed: 6556940264932035781

23 croobank the Sneak (level 3, 0/21 HPs)
             Began as an Octopode Fire Elementalist on June 27, 2023.
             Frozen to death by an endoplasm (4 damage)
             ... on level 1 of the Dungeon.
             The game lasted 00:03:01 (764 turns).

croobank the Sneak (Octopode Fire Elementalist)      Turns: 764, Time: 00:03:02

Health: 0/21       AC:  1    Str:  7    XL:     3   Next: 0%
Magic:  4/6        EV: 13    Int: 19    God:
Gold:   42         SH:  0    Dex: 12    Spells: 3/6 levels left

rFire   . . .        c - +2 dagger (freeze)
rCold   . . .        (no shield)
rNeg    . . .        (helmet restricted)
rPois   .            (no amulet)
rElec   .            (no ring)
rCorr   .            (no ring)
SInv    .            (no ring)
Will    .....        (no ring)
Stlth   ++++         (no ring)
HPRegen 0.23/turn    (no ring)
MPRegen 0.10/turn    (no ring)
                     (no ring)

%: clarity
@: very slightly contaminated, unable to read
A: almost no armour, amphibious, 8 rings, camouflage 1, gelatinous body 1,
(nimble swimmer 1), tentacles, clarity, inability to read after injury 1
a: no special abilities


You were on level 1 of the Dungeon.
You visited 1 branch of the dungeon, and saw 2 of its levels.

You collected 42 gold pieces.

Inventory:

Hand Weapons
 c - a +2 dagger of freezing (weapon)
 e - a +0 mace
 g - a +0 lajatang
Missiles
 b - 6 boomerangs
Scrolls
 d - 4 scrolls of identify {unknown}
 f - a scroll of torment {unknown}
Potions
 a - a potion of magic


   Skills:
 - Level 2.0 Dodging
 + Level 4.8 Stealth
 - Level 2.0 Spellcasting
 - Level 1.0 Conjurations
 - Level 3.0 Fire Magic


You had 3 spell levels left.
You knew the following spells:

 Your Spells              Type           Power      Damage    Failure   Level
a - Foxfire               Conj/Fire      36%        2x1d5     8%          1
b - Scorch                Fire           26%        2d6       8%          2

Your spell library contained the following spells:

 Spells                   Type           Power      Damage    Failure   Level
 Inner Flame              Hex/Fire       7%         N/A       26%         3
 Volatile Blastmotes      Fire/Tloc      14%        2d11      26%         3
 Flame Wave               Conj/Fire      9%         2d6       58%         4


Dungeon Overview and Level Annotations

Branches:
Dungeon (2/15)

Altars:

Annotations:
D:2 Sigmund


Innate Abilities, Weirdness & Mutations

You cannot wear most types of armour.
You are amphibious.
You can wear up to eight rings at the same time.
Your skin changes colour to match your surroundings (Stealth+).
Your rubbery body absorbs attacks. (AC +1, EV +1)
((You are camouflaged when in or above water. (Stealth+)))
You have tentacles for arms and can constrict up to eight enemies at once.
You possess an exceptional clarity of mind.
You occasionally lose the ability to read scrolls when taking damage.


Message History

A hobgoblin and an endoplasm come into view.
The endoplasm quivers.
The endoplasm quivers.
The hobgoblin shouts!
The endoplasm freezes you.
You are frozen.
You hit the endoplasm. You freeze the endoplasm.
The endoplasm is heavily wounded.
The endoplasm freezes you.
You are frozen.
Casting: Foxfire (safe; 8% risk of failure)
Confirm with . or Enter, or press ? or * to list all spells.
You conjure some foxfire!
The endoplasm freezes you.
You are frozen.
The endoplasm attacks as you move away! The endoplasm misses you.
The foxfire hits the endoplasm.
The endoplasm is severely wounded.
The foxfire hits the endoplasm but does no damage.
The endoplasm is severely wounded.
Casting: Foxfire (safe; 8% risk of failure)
Confirm with . or Enter, or press ? or * to list all spells.
You miscast Foxfire.
You are very lightly contaminated with residual magic.
Nothing appears to happen.
The endoplasm freezes you.
You are frozen.
* * * LOW HITPOINT WARNING * * *
The hobgoblin hits you.
* * * LOW HITPOINT WARNING * * *
A goblin comes into view. It is wielding a +0 dagger.
The hobgoblin attacks as you move away! The hobgoblin closely misses you.
You see here 2 bubbling purple potions.
It was a potion of mutation.
You feel extremely strange.
You occasionally lose the ability to read scrolls when taking damage.
Your thoughts seem clearer.
The endoplasm freezes you.
You are frozen.
You feel threatened and lose the ability to read scrolls!
You die...

#............##
.###..#..##.#...
...........#..#
.###.###.##.####
##.........##.###.....
#.##.###
##.........##.##...##
#......#
...............#..#
##.....#
.#.........##..#.#
#.....#
##.........##....#
#.....#
##.........##....#
#######
############...@####
#......gJ..###
#......J.....#
..............#
.##..##..##...#
##....## #..# ##..#
.g# #.. ..# #.. .#


You could see 2 endoplasms, a hobgoblin and a goblin (wandering).

Vanquished Creatures
  A dart slug (D:1)
  A ball python (D:1)
  4 bats (D:1)
  An endoplasm (D:1)
  2 giant cockroaches (D:1)
  A hobgoblin (D:1)
  3 quokkas (D:1)
  2 frilled lizards (D:1)
  3 kobolds (D:1)
  2 rats (D:1)
20 creatures vanquished.

Vanquished Creatures (others)
  25 foxfires (D:1)
25 creatures vanquished.

Grand Total: 45 creatures vanquished

Notes
Turn   | Place    | Note
-------+----------+-------------------------------------------
     0 | D:1      | croobank the Octopode Fire Elementalist began the quest for
                  | the Orb.
     0 | D:1      | Reached XP level 1. HP: 11/11 MP: 3/3
   137 | D:1      | Reached skill level 3 in Stealth
   155 | D:1      | Found a faded altar of an unknown god.
   246 | D:1      | Reached XP level 2. HP: 13/17 MP: 3/5
   249 | D:1      | Learned a level 2 spell: Scorch
   290 | D:1      | Reached skill level 4 in Stealth
   602 | D:2      | Noticed Sigmund
   715 | D:1      | Reached XP level 3. HP: 21/21 MP: 6/6
   764 | D:1      | Gained mutation: You occasionally lose the ability to read
                  | scrolls when taking damage. [potion of mutation]
   764 | D:1      | Gained mutation: You possess an exceptional clarity of
                  | mind. [potion of mutation]
   764 | D:1      | Frozen to death by an endoplasm

Illustrated notes

Levels and vault maps discovered:
D:1:      dpeg_arrival_prison, layout_rooms, chequers_ecumenical_altar_twisty,
          palyth_stone_intersect
D:2:      layout_basic, hex_large, dreamdust_mushroom_princess, uniq_sigmund,
          uniq_crazy_yiuf_cottage, uniq_terence

Skill      XL: |  1  2 |
---------------+-------+-----
Stealth        | 3 4 |  4.8
Dodging        | |  2.0
Spellcasting   | |  2.0
Conjurations   | |  1.0
Fire Magic     | |  3.0

Action                     || total
---------------------------++-------
  Melee: Dagger            ||    17
         Unarmed           ||     3
         Tentacles         ||     3
         Constrict         ||     3
   Cast: Foxfire           ||    17
         Scorch            ||     2
    Use: Potion            ||     1
   Stab: Sleeping          ||     5
 Armour: Skin              ||     1
  Dodge: Dodged            ||    15
